 Dungeon Crawl Stone Soup version 0.18.1-8-gdd0e5ea (webtiles) character file.

145 zeroDi the Sneak (level 5, -1/26 HPs)
             Began as a Vine Stalker Assassin on May 25, 2016.
             Slain by an orc
             ... wielding a +0 war axe
              (5 damage)
             ... on level 3 of the Dungeon.
             The game lasted 00:04:07 (1253 turns).

zeroDi the Sneak (Vine Stalker Assassin)            Turns: 1253, Time: 00:04:08

Health: -1/26      AC:  3    Str: 14    XL:     5   Next: 27%
Magic:  0/6        EV: 11    Int: 11    God:
Gold:   107        SH:  0    Dex: 16    Spells: 0 memorised, 4 levels left

rFire  . . .     SeeInvis .     a - +0 dagger (speed)
rCold  . . .     Gourm    .     c - +0 robe
rNeg   . . .     Faith    .     (no shield)
rPois  .         Spirit   +     (no helmet)
rElec  .         Dismiss  .     d - +0 cloak
rCorr  .         Reflect  .     (no gloves)
SustAt .         Harm     .     (no boots)
MR     .....                    (no amulet)
Stlth  +++.......               (no ring)
                                (no ring)

@: not resistant to hostile enchantments, fairly stealthy
A: fangs 2, regeneration 1, magic shield, antimagic bite, no device heal 3, rot
immunity
a: no special abilities


You were on level 3 of the Dungeon.
You were not hungry.

You visited 1 branch of the dungeon, and saw 3 of its levels.

You collected 107 gold pieces.


Innate Abilities, Weirdness & Mutations

You have extremely sharp teeth.
Your natural rate of healing is unusually fast.
When hurt, damage is shared between your health and your magic reserves.
Your bite disrupts and absorbs the magic of your enemies.
Potions and wands cannot restore your health.
You are immune to rotting.


   Skills:
 - Level 1.7 Fighting
 + Level 4.8 Short Blades
 - Level 1.7 Throwing
 - Level 0.7 Dodging
 - Level 4.8 Stealth


You had 4 spell levels left.
You didn't know any spells.

Inventory:

Hand Weapons
 a - a +0 dagger of speed (weapon)
 b - a +0 blowgun
 n - a +1 mace of protection
 r - a +2 dagger
Missiles
 e - 7 poisoned needles
 f - 2 curare-tipped needles {=f}
Armour
 c - a +0 robe (worn)
 d - a +0 cloak (worn)
 y - a +0 pair of gloves
Jewellery
 k - an uncursed ring of stealth {unknown}
 q - an uncursed ring of magical power {unknown}
 t - an uncursed amulet of magic regeneration {unknown}
 u - a +2 ring of intelligence {unknown}
Scrolls
 h - a scroll of recharging {unknown}
 l - 2 scrolls of fog {unknown}
 o - 2 scrolls of amnesia {unknown}
 p - 2 scrolls of teleportation {unknown}
 v - a scroll of remove curse {unknown}
 z - a scroll of enchant weapon {unknown}
Potions
 i - a potion of curing {unknown}
 s - a potion of flight {unknown}
 x - 2 potions of degeneration {unknown}
Comestibles
 g - 2 bread rations
 j - 3 chunks of flesh
 m - a meat ration
 w - a royal jelly
 A - 3 fruits

Dungeon Overview and Level Annotations

Branches:
Dungeon (3/15)

Altars:
Qazlal

. .. ... ....
################# ....#
...(..(...)(....###....$#
.(((...)..()...o@.....>..
###############=###....(.
#..# ...## ##+# ...# ..#
?# #


You could see an orc.


Message History

Aim: an orc, wielding a war axe and wearing a scale mail You shoot a poisoned needle.
The poisoned needle closely misses the orc.
The orc hits you but does no damage. The orc hits you with a war axe!
* * * LOW HITPOINT WARNING * * *
You kill the orc!
Your hands tingle!
a - a +0 dagger of speed (weapon)
You are too injured to fight recklessly!
Found a stone staircase leading down.
You barely miss the orc. You bite the orc. You drain its power.
You feel invigorated.
The orc is lightly wounded.
Found 22 bolts and 13 gold pieces.
You barely miss the orc. You bite the orc, but do no damage.
The orc is lightly wounded.
The orc barely misses you.
Found 2 scrolls labeled LOELITR LAVO.
The orc hits you with a war axe!
You die...

Action                   |  1- 3 |  4- 6 || total
-------------------------+-------+-------++-------
Melee: Dagger            |    45 |    61 ||   106
       Bite              |    16 |    17 ||    33
       Mace              |    35 |     6 ||    41
 Fire: Blowgun           |       |    21 ||    21
 Stab: Sleeping          |     8 |     2 ||    10
  Eat: Chunk             |       |     1 ||     1
Armor: Robe              |    20 |    11 ||    31
Dodge: Dodged            |    51 |    18 ||    69

Vault maps used:
D:1:      lightli_arrival_noodles, minmay_misc_feat_rugged
D:2:      lemuel_doored_altar, first_bread
D:3:      uniq_jessica, uniq_terence, uniq_iyjb

Notes
Turn   | Place    | Note
--------------------------------------------------------------
     0 | D:1      | zeroDi the Vine Stalker Assassin began the quest for the Orb.
     0 | D:1      | Reached XP level 1. HP: 11/11 MP: 2/2
    33 | D:1      | Reached skill level 2 in Short Blades
   104 | D:1      | Reached XP level 2. HP: 15/15 MP: 3/3
   412 | D:2      | Reached skill level 3 in Short Blades
   412 | D:2      | Reached XP level 3. HP: 4/18 MP: 4/4
   734 | D:2      | Reached XP level 4. HP: 22/23 MP: 5/5
   866 | D:2      | Found a stormy altar of Qazlal.
   955 | D:2      | Reached skill level 4 in Short Blades
  1071 | D:3      | Noticed Jessica
  1083 | D:3      | Killed Jessica
  1215 | D:3      | Reached XP level 5. HP: 10/26 MP: 2/6
  1217 | D:3      | HP: 2/26 [orc wizard/magic dart (4)]
  1244 | D:3      | HP: 2/26 [orc/war axe (7)]
  1253 | D:3      | Slain by an orc

Vanquished Creatures
  Jessica (D:3)
  An orc wizard (D:3)
  4 adders (D:2)
  2 worms (D:2)
  2 giant geckos
  5 orcs (D:3)
  2 ball pythons
  4 bats
  A giant cockroach (D:2)
  6 goblins
  9 hobgoblins
  A quokka (D:3)
  A giant newt (D:1)
  3 kobolds
  7 rats
49 creatures vanquished.

Vanquished Creatures (others)
  An orc (D:3)
1 creature vanquished.

Grand Total: 50 creatures vanquished
